 Dungeon Crawl Stone Soup version 0.23-b1-84-g6588a6b (webtiles) character file.

Game seed: 7162478605537171072

1020 sighowe the Chucker (level 8, -2/72 HPs)
             Began as a Deep Dwarf Hunter on Feb 10, 2019.
             Was an Initiate of Elyvilon.
             Killed from afar by Dowan (16 damage)
             ... with a shard of ice
             ... on level 5 of the Dungeon.
             The game lasted 00:19:02 (5105 turns).

sighowe the Chucker (Deep Dwarf Hunter)             Turns: 5105, Time: 00:19:03

Health: -2/72      AC:  5    Str: 16    XL:     8   Next: 2%
Magic:  4/4        EV: 14    Int: 13    God:    Elyvilon [......]
Gold:   180        SH:  0    Dex: 14    Spells: 11/11 levels left

rFire    . . .     SeeInvis .   n - +2 dire flail (holy)
rCold    . . .     Gourm    .   (shield currently unavailable)
rNeg     . . .     Faith    .   b - +1 leather armour
rPois    +         Spirit   .   (no helmet)
rElec    .         Reflect  .   (no cloak)
rCorr    .         Harm     .   k - +0 pair of gloves
MR       +....                  (no boots)
Stlth    ++........             (no amulet)
HPRegen  0.00/turn              e - ring of poison resistance
MPRegen  0.09/turn              h - ring of wizardry

@: non-regenerating
A: damage resistance, heal wounds, sense surroundings 1, no regeneration
a: Heal Wounds, Renounce Religion


You were on level 5 of the Dungeon.
You worshipped Elyvilon.
Elyvilon was noncommittal.
You were not hungry.

You visited 2 branches of the dungeon, and saw 6 of its levels.

You collected 180 gold pieces.

Inventory:

Hand Weapons
 a - a +0 short sword
 c - a +0 hand axe
 n - a +2 dire flail of holy wrath (weapon)
 r - a +0 shortbow
 s - a +4 mace
Missiles
 d - 24 arrows
 j - 68 stones (quivered)
 q - a tomahawk
 u - 2 javelins
Armour
 b - a +1 leather armour (worn)
 k - a +0 pair of gloves (worn)
 p - a +0 ring mail
Jewellery
 e - a ring of poison resistance (left hand)
 h - a ring of wizardry (right hand)
 l - an uncursed ring of poison resistance
Scrolls
 g - 4 scrolls of remove curse
 i - 2 scrolls of teleportation
 m - 5 scrolls of identify
 o - 2 scrolls of magic mapping
Potions
 t - a potion of invisibility {unknown}
Comestibles
 f - 4 rations


   Skills:
 * Level 4.0 Fighting
 + Level 2.3 Short Blades
 + Level 0.7 Maces & Flails
 * Level 5.2 Throwing
 + Level 2.8 Armour
 * Level 5.0 Dodging
 + Level 3.9 Stealth
 + Level 2.1 Spellcasting


You had 11 spell levels left.
You didn't know any spells.
Your spell library was empty.

Dungeon Overview and Level Annotations

Branches:
Dungeon (5/15)             Temple (1/1) D:5

Altars:
Ashenzari
Dithmenos
Elyvilon
Fedhas
Gozag
Hepliaklqana
Kikubaaqudgha
Qazlal
Ru
Sif Muna
Uskayaw
Vehumet
Wu Jian
Xom
Yredelemnul
Zin
The Shining One

Annotations:
D:5 1 transporter, Dowan


Innate Abilities, Weirdness & Mutations

You are resistant to damage.
You can heal yourself by infusing magical energy.
You passively map a small area around you.
You do not regenerate.


Message History

You have reached level 8!
You feel clever. Dowan gestures at you while chanting.
The shard of ice hits you!!
You hit Dowan.
Dowan is moderately wounded.
Dowan misses you. Dowan hits you with a cursed -1 dagger.
You miss Dowan.
Dowan is moderately wounded.
Dowan points at you and mumbles some strange words.
The stone arrow hits you! Dowan hits you but does no damage.
You sock Dowan!
Dowan is severely wounded.
Dowan casts a spell at you. The shard of ice hits you!!
* * * LOW HITPOINT WARNING * * *
Dowan says, "How can I live without her?"
Dowan casts a spell at you. The shard of ice hits you!!
You die...

#................#
#.############....
#.# ##### #.# #.# ,
#.# * * #.###.####
* #........# ,*
#####@##.# * , *
#e# .# , * , *
#######.##.##### *
#.e.e......(.... ,
, ,
#.##.##.........,,,
. * ,*
#...####..#.####. ,
... *
#.....###..#.####.
, ... ,
#.....#...........
, ...
*#.....###..##.###(
##


You could see Dowan.

Vanquished Creatures
  Edmund (D:5)
  Duvessa (D:5)
  An ogre (D:4)
  A centaur (D:5)
  A scorpion (D:4)
  A howler monkey (D:4)
  A hound (D:4)
  A jelly (D:5)
  3 orc priests
  4 orc wizards
  A bullfrog skeleton (D:4)
  Natasha (twice) (D:2)
  3 worker ants (D:4)
  A gnoll (D:1)
  7 adders
  4 dart slugs
  2 leopard geckos
  11 orcs
  7 bats
  6 giant cockroaches
  7 goblins
  9 hobgoblins
  3 jackals (D:2)
  10 kobolds
  2 quokkas
  4 frilled lizards
  10 rats
104 creatures vanquished.

Notes
Turn   | Place    | Note
-------+----------+-------------------------------------------
     0 | D:1      | sighowe the Deep Dwarf Hunter began the quest for the Orb.
     0 | D:1      | Reached XP level 1. HP: 19/19 MP: 1/1
    70 | D:1      | Reached XP level 2. HP: 26/26 MP: 2/2
   545 | D:1      | Reached XP level 3. HP: 30/32 MP: 3/3
  1433 | D:2      | Reached skill level 1 in Armour
  2230 | D:2      | Noticed Natasha
  2253 | D:2      | Killed Natasha
  2253 | D:2      | Reached XP level 4. HP: 13/40 MP: 3/5
  2335 | D:2      | Found an ornate altar of the Wu Jian Council.
  2490 | D:2      | Noticed Natasha
  2503 | D:2      | Killed Natasha
  2765 | D:3      | Reached skill level 1 in Short Blades
  2765 | D:3      | Reached XP level 5. HP: 35/46 MP: 6/6
  2841 | D:3      | Reached skill level 1 in Spellcasting
  3516 | D:4      | Reached XP level 6. HP: 23/55 MP: 5/5
  4390 | D:4      | Found a glowing golden altar of the Shining One.
  4428 | D:4      | Reached XP level 7. HP: 47/62 MP: 6/6
  4755 | D:5      | Entered Level 5 of the Dungeon
  4820 | D:5      | Reached skill level 5 in Throwing
  4885 | D:5      | Noticed Duvessa
  4887 | D:5      | Noticed Dowan
  4906 | D:5      | Found a transporter.
  4906 | D:5      | Found a staircase to the Ecumenical Temple.
  4914 | Temple   | Entered the Ecumenical Temple
  4959 | Temple   | Became a worshipper of Elyvilon the Healer
  4972 | D:5      | Noticed Edmund
  5002 | D:5      | Killed Edmund
  5102 | D:5      | Killed Duvessa
  5102 | D:5      | Reached skill level 5 in Dodging
  5102 | D:5      | Reached XP level 8. HP: 58/72 MP: 4/4
  5105 | D:5      | Killed from afar by Dowan

Skill      XL: |  1  2  3  4  5  6  7 |
---------------+----------------------+-----
Fighting       | 2 3 4 |  4.0
Throwing       | 4 5 |  5.2
Armour         | 1 2 |  2.8
Stealth        | 2 3 |  3.9
Dodging        | 3 4 5 |  5.0
Short Blades   | 1 2 |  2.3
Spellcasting   | 1 2 |  2.1
Maces & Flails | |  0.7

Action                   |  1- 3 |  4- 6 |  7- 9 || total
-------------------------+-------+-------+-------++-------
Melee: Short sword       |    74 |   294 |       ||   368
       Mace              |       |       |    72 ||    72
       Dire flail        |       |       |    25 ||    25
 Fire: Shortbow          |       |       |     5 ||     5
Throw: Javelin           |    42 |    38 |     9 ||    89
       Throwing net      |     3 |       |       ||     3
       Tomahawk          |     2 |     7 |       ||     9
       Stone             |       |    31 |     2 ||    33
 Abil: Heal Wounds       |       |    11 |    12 ||    23
  Use: Scroll            |     5 |     7 |     1 ||    13
       Potion            |       |     6 |     2 ||     8
 Stab: Held in net/web   |     1 |       |       ||     1
  Eat: Ration            |     1 |     2 |     1 ||     4
       Chunk             |       |     1 |       ||     1
Armor: Leather armour    |    12 |    55 |    19 ||    86
       Ring mail         |    10 |    47 |       ||    57
Dodge: Dodged            |    56 |   196 |   115 ||   367
